 Dungeon Crawl Stone Soup version 0.29-a0-194-g6e3aafee17 (webtiles) character file.

Game seed: 6407780168508591162

112 drugrobin the Poker (level 4, -2/36 HPs)
             Began as a Demigod Warper on Feb 22, 2022.
             Slain by an orc priest
             ... wielding a +0 war axe
              (5 damage)
             ... on level 3 of the Dungeon.
             The game lasted 00:07:08 (3322 turns).

drugrobin the Poker (Demigod Warper)                Turns: 3322, Time: 00:07:08

Health: -2/36      AC:  3    Str: 16    XL:     4   Next: 37%
Magic:  9/9        EV: 11    Int: 15    God:
Gold:   163        SH:  0    Dex: 13    Spells: 1/6 levels left

rFire   . . .      SeeInvis .   a - +0 trident
rCold   . . .      Faith    .   (no shield)
rNeg    . . .      Spirit   .   q - +0 leather armour
rPois   .          Reflect  .   (no helmet)
rElec   .          Harm     .   (no cloak)
rCorr   .          Rampage  .   (no gloves)
Will    .....                   (no boots)
Stlth   ++........              (no amulet)
HPRegen 0.12/turn               (no ring)
MPRegen 0.11/turn               (no ring)

@: no status effects
A: high MP 1, forlorn, divine attributes
a: no special abilities


You were on level 3 of the Dungeon.
You visited 1 branch of the dungeon, and saw 3 of its levels.

You collected 163 gold pieces.

Inventory:

Hand Weapons
 a - a +0 trident (weapon)
 b - a +0 shortbow
 m - a +0 spear
 t - a +0 hunting sling
Missiles
 d - a boomerang of dispersal
 g - 59 stones (quivered)
 j - 4 javelins
Armour
 q - a +0 leather armour (worn)
Magical Staves
 e - a staff of cold
Jewellery
 o - a ring of fire
 s - a ring of magical power
Wands
 c - a wand of iceblast (3)
Scrolls
 h - a scroll of noise {unknown}
 i - 2 scrolls of vulnerability {unknown}
 k - 2 scrolls of teleportation {unknown}
 p - 3 scrolls of identify {unknown}
 r - a scroll of silence {unknown}
Potions
 l - a potion of attraction {unknown}
 n - 3 potions of flight {unknown}


   Skills:
 - Level 1.7 Fighting
 + Level 4.0 Polearms
 - Level 0.8 Throwing
 - Level 0.8 Armour
 - Level 1.7 Dodging
 - Level 2.0 Stealth
 - Level 1.7 Spellcasting
 - Level 2.6 Translocations


You had one spell level left.
You knew the following spells:

 Your Spells              Type           Power      Damage    Failure   Level
a - Blink                 Tloc           18%        N/A       14%         2
b - Teleport Other        Tloc           9%         N/A       28%         3

Your spell library contained the following spells:

 Spells                   Type           Power      Damage    Failure   Level
 Gell's Gravitas          Tloc           9%         N/A       28%         3
 Lesser Beckoning         Tloc           9%         N/A       28%         3
 Portal Projectile        Hex/Tloc       10%        N/A       43%         3
 Call Canine Familiar     Summ           1%         N/A       63%         3
 Leda's Liquefaction      Hex/Erth       0%         N/A       95%         4
 Manifold Assault         Tloc           9%         N/A       95%         5
 Iskenderun's Battlesphe  Conj           1%         2d6       100%        5
 Iron Shot                Conj/Erth      0%         9d1       100%        6
 Spellforged Servitor     Conj/Summ      0%         N/A       100%        7


Dungeon Overview and Level Annotations

Branches:
Dungeon (3/15)

Annotations:
D:3 1 transporter, pascalblue's ghost, amateur DEAE


Innate Abilities, Weirdness & Mutations

You have an increased reservoir of magic. (+10% MP)
You shall have no god before yourself.
Your divine heritage dramatically boosts your attributes as you level up.


Message History

The orc priest casts a cantrip, but nothing happens.
You puncture the orc priest!
You kill the orc priest!
You barely miss the giant cockroach. You punch the giant cockroach.
The giant cockroach is heavily wounded.
The giant cockroach bites you.
* * * LOW HITPOINT WARNING * * *
The giant cockroach barely misses you.
Reach: a) +0 trident
Press: ? - help, Dir - move target, f - orc priest
Aim: an orc priest, wielding a +0 war axe and wearing a +0 chain mail (about 36% to evade your +0 trident)
The giant cockroach is in the way.
You barely miss the giant cockroach.
The giant cockroach is heavily wounded.
The giant cockroach bites you but does no damage.
Reach: a) +0 trident
Press: ? - help, Dir - move target, f/p - orc priest
Aim: an orc priest, wielding a +0 war axe and wearing a +0 chain mail (about 36% to evade your +0 trident)
You reach to attack!
You completely miss the orc priest. The giant cockroach closely misses you.
Unknown command.
Reach: a) +0 trident
Press: ? - help, Dir - move target, f/p - orc priest
Aim: an orc priest, wielding a +0 war axe and wearing a +0 chain mail (about 36% to evade your +0 trident)
The giant cockroach is in the way.
You hit the giant cockroach.
You kill the giant cockroach!
Your Polearms skill increases to level 4!
Reach: a) +0 trident
Press: ? - help, Dir - move target, f/p - orc priest
Aim: an orc priest, wielding a +0 war axe and wearing a +0 chain mail (about 35% to evade your +0 trident)
You barely miss the orc priest.
The orc priest miscasts a cantrip.
Unknown command.
You hit the orc priest.
The orc priest is lightly wounded.
The orc priest hits you with a +0 war axe!
* * * LOW HITPOINT WARNING * * *
You closely miss the orc priest.
The orc priest is lightly wounded.
The orc priest hits you with a +0 war axe.
You die...

#.# #.#
.......#.#
.......#.#
.......#.#
.......#.#
.....#.#
.....oB#@#
#'..##.#o##
.......)..##
...©.......#
########...#
8....K8##..#
......JW#..#
##...##n#..#
#...##g#†.#


You could see a necrophage, an orc priest, pascalblue's ghost, an endoplasm and
a kobold.

Vanquished Creatures
  An orc priest (D:3)
  3 adders
  A worm (D:3)
  2 dart slugs
  6 orcs (D:3)
  6 endoplasms
  A giant cockroach (D:3)
  3 goblins
  3 hobgoblins
  A quokka (D:3)
  7 ball pythons
  3 bats
  A frilled lizard (D:3)
  4 kobolds
  2 rats (D:3)
44 creatures vanquished.

Vanquished Creatures (others)
  A plant (D:3)
1 creature vanquished.

Grand Total: 45 creatures vanquished

Notes
Turn   | Place    | Note
-------+----------+-------------------------------------------
     0 | D:1      | drugrobin the Demigod Warper began the quest for the Orb.
     0 | D:1      | Reached XP level 1. HP: 17/17 MP: 5/5
   591 | D:1      | Reached skill level 2 in Polearms
  1342 | D:2      | Reached skill level 1 in Stealth
  1724 | D:2      | Reached XP level 2. HP: 23/24 MP: 7/7
  2306 | D:3      | Reached XP level 3. HP: 26/29 MP: 8/8
  2611 | D:3      | Reached skill level 3 in Polearms
  2619 | D:3      | Learned a level 2 spell: Blink
  2623 | D:3      | Learned a level 3 spell: Teleport Other
  3243 | D:3      | Noticed a necrophage
  3245 | D:3      | Noticed pascalblue's ghost (amateur DEAE)
  3280 | D:3      | Found a transporter.
  3304 | D:3      | HP: 1/29 [orc priest/divine providence (14)]
  3309 | D:3      | Reached XP level 4. HP: 17/36 MP: 9/9
  3320 | D:3      | Reached skill level 4 in Polearms
  3322 | D:3      | Slain by an orc priest

Illustrated notes

Levels and vault maps discovered:
D:1:      minmay_arrival_doors, layout_basic, shapermc_ecumenical_altar_venn,
          nrook_loot_triangle
D:2:      layout_loops_ring
D:3:      minmay_diamond_boxcup, layout_basic,
          mainiacjoe_overflow_cross_hatched, gammafunk_ghost_arena,
          saegor_snake_ambush, uniq_crazy_yiuf_cottage

Skill      XL: |  1  2  3  4 |
---------------+-------------+-----
Polearms       | 2 3 4 |  4.0
Stealth        | 1 2 |  2.0
Fighting       | |  1.7
Throwing       | |  0.8
Armour         | |  0.8
Dodging        | |  1.7
Spellcasting   | |  1.7
Translocations | |  2.6

Action                   |  1- 3 |  4- 6 || total
-------------------------+-------+-------++-------
Melee: Trident           |   132 |    14 ||   146
       Spear             |    10 |       ||    10
       Punch             |     1 |     1 ||     2
 Fire: Hunting sling     |     5 |       ||     5
       Shortbow          |     7 |       ||     7
Throw: Stone             |     4 |       ||     4
       Boomerang         |     4 |       ||     4
       Javelin           |     2 |       ||     2
 Cast: Blink             |     1 |       ||     1
  Use: Potion            |     3 |       ||     3
       Scroll            |     1 |       ||     1
 Stab: Sleeping          |     1 |       ||     1
Armor: Leather armour    |    47 |     2 ||    49
Dodge: Dodged            |    94 |     3 ||    97

Table legend: (Time is in decaauts)
 A = Elapsed time spent in this place.
 B = Non-inter-level travel time spent in this place.
 C = Inter-level travel time spent in this place.
 D = Time resting spent in this place.
 E = Time spent auto-exploring this place.
 F = Levels seen in this place.
 G = Mean time per level.
                   A        B        C        D        E       F      G
               +--------+--------+--------+--------+--------+-----+--------+
         Total |   3369 |   3313 |     56 |    418 |   2316 |   3 | 1123.0 |
       Dungeon |   3369 |   3313 |     56 |    418 |   2316 |   3 | 1123.0 |
               +--------+--------+--------+--------+--------+-----+--------+

Top non-repeatable levels by time:
     D:1: 1315 daAuts
     D:2: 1187 daAuts
     D:3: 866 daAuts
